 Dungeon Crawl Stone Soup version 0.31.0-1-g2c135a0 (webtiles) character file.

Game seed: 17924137072645188561

5378 jagoly the Geomancer (level 10, -4/61 HPs)
             Began as a Gargoyle Monk on Feb 2, 2024.
             Was a Believer of Sif Muna.
             Slain by Snorg (9 damage)
             ... on level 10 of the Dungeon.
             The game lasted 00:41:23 (3459 turns).

jagoly the Geomancer (Gargoyle Monk)                Turns: 3459, Time: 00:41:24

Health: -4/61      AC: 16    Str: 15    XL:     10   Next: 66%
Magic:  4/16       EV: 13    Int: 15    God:    Sif Muna [**....]
Gold:   398        SH:  0    Dex: 12    Spells: 10/17 levels left

rFire   + + .        a - staff of earth
rCold   x . .        d - orb {light}
rNeg    + . .        J - +0 steam dragon scales
rPois   ∞            (no helmet)
rElec   +            k - +0 cloak
rCorr   .            (no gloves)
SInv    .            g - +0 pair of boots
Will    .....        (no amulet)
Stlth   +            q - ring of fire
HPRegen 0.30/turn    p - ring of protection from fire
MPRegen 0.15/turn

%: no passive effects
@: channelling, glowing
A: sickness immunity, AC +7, negative energy resistance 1, electricity
resistance, torment resistance 1, petrification resistance
a: Renounce Religion, Channel Magic


You were on level 10 of the Dungeon.
You worshipped Sif Muna.
Sif Muna was pleased with you.
You visited 2 branches of the dungeon, and saw 11 of its levels.
You also visited: Sewer.

You collected 398 gold pieces.

Inventory:

Hand Weapons
 b - the +11 mace of Uvvu {flame, +Blink rC+++ Str-3 SInv}
   (You found it on level 8 of the Dungeon)

   Str-3:     It affects your strength (-3).
   rC+++:     It renders you almost immune to cold.
   SInv:      It lets you see invisible.
   +Blink:    It lets you blink.
 e - a +0 war axe
 A - a +5 dire flail
 G - a +0 trident
Missiles
 j - 43 stones (quivered)
 r - 16 poisoned darts
 y - 5 silver javelins
 K - 8 boomerangs
Armour
 d - an orb of light (worn)
 g - a +0 pair of boots (worn)
 k - a +0 cloak (worn)
 x - a +0 scale mail of willpower
 J - +0 steam dragon scales (worn)
Magical Staves
 a - a staff of earth (weapon)
Jewellery
 h - a ring of protection from fire
 l - a ring of positive energy
 p - a ring of protection from fire (right hand)
 q - a ring of fire (left hand)
Wands
 o - a wand of polymorph (2)
 C - a wand of paralysis (11)
 D - a wand of digging (7)
Scrolls
 i - 8 scrolls of identify {unknown}
 m - 2 scrolls of teleportation {unknown}
 t - 2 scrolls of brand weapon {unknown}
 u - 2 scrolls of fog {unknown}
 v - 2 scrolls of enchant armour {unknown}
 w - 3 scrolls of revelation {unknown}
 E - a scroll of poison {unknown}
 F - 2 scrolls of blinking {unknown}
 I - a scroll of acquirement {unknown}
Potions
 c - a potion of ambrosia
 f - 2 potions of berserk rage {unknown}
 n - a potion of invisibility {unknown}
 s - 3 potions of enlightenment
 B - a potion of mutation {unknown}
 H - a potion of lignification {unknown}


   Skills:
 + Level 6.7 Fighting
 - Level 4.0 Axes
 + Level 6.2 Armour
 + Level 5.1 Dodging
 - Level 2.0 Stealth
 - Level 4.0 Spellcasting
 + Level 7.1 Conjurations
 - Level 10.0 Earth Magic


You had 10 spell levels left.
You knew the following spells:

 Your Spells              Type           Power      Damage    Failure   Level
a - Sandblast             Erth           98%        2d20      1%          1
c - Stone Arrow           Conj/Erth      86%        3d12      1%          3
w - Passwall              Erth           49%        N/A       1%          3

Your spell library contained the following spells:

 Spells                   Type           Power      Damage    Failure   Level
 Brom's Barrelling Bould  Conj/Erth      43%        2d6       5%          4
 Call Canine Familiar     Summ           3%         N/A       47%         3
 Sigil of Binding         Hex            3%         N/A       47%         3
 Dimensional Bullseye     Hex/Tloc       1%         N/A       87%         4


Dungeon Overview and Level Annotations

Branches:
Dungeon (10/15) Zot: 26715  Temple (1/1) D:7 Zot: 5937   Sewer (visited)
   Lair: D:8-11         Orc: D:9-12

Altars:
Ashenzari
Cheibriados
Dithmenos
Elyvilon
Fedhas
Gozag
Hepliaklqana
Kikubaaqudgha
Makhleb
Nemelex Xobeh
Okawaru
Qazlal
Ru
Sif Muna
Trog
Uskayaw
Vehumet
Wu Jian
Xom
Yredelemnul
Zin
The Shining One

Shops:
D:5 =

Annotations:
D:2 Terence
D:8 exclusion: 3 centaurs
D:9 Joseph
D:10 Snorg


Innate Abilities, Weirdness & Mutations

You are immune to sickness and miasma.
Your stone body is resilient. (AC +7)
You are immune to poison.
You resist negative energy. (rN+)
You are resistant to electric shocks. (rElec)
You are resistant to unholy torment.
You are immune to petrification.


Message History

You can't see any susceptible monsters within range! (Use Z to cast anyway.) Throw: 38 stones
Press: ? - help, Q - select action, (/) - cycle Shift-Dir - straight line, f/p - wraith
Aim: a wraith (57% to hit)
You throw a stone. The stone hits the wraith.
The wraith is lightly damaged.
Cast which spell? (? or * to list)
You don't know that spell.
Cast which spell? (? or * to list)
Aiming: Stone Arrow (dangerous; 2% risk of failure)
Press: ? - help, Shift-Dir - straight line, f/p - wraith
Aim: a wraith (lightly damaged, 76% to hit)
You feel a surge of power!
The stone arrow hits the wraith.
The wraith is lightly damaged.
Cast which spell? (? or * to list)
Aiming: Stone Arrow (dangerous; 2% risk of failure)
Press: ? - help, Shift-Dir - straight line, f/p - wraith
Aim: a wraith (lightly damaged, haloed, 83% to hit)
You feel a surge of power!
The stone arrow hits the wraith!
The wraith is heavily damaged.
Cast which spell? (? or * to list)
Aiming: Stone Arrow (dangerous; 2% risk of failure)
Press: ? - help, Shift-Dir - straight line, f/p - wraith
Aim: a wraith (heavily damaged, haloed, 83% to hit)
You feel a surge of power!
The stone arrow hits the wraith!
The wraith is almost destroyed.
Cast which spell? (? or * to list)
Aiming: Sandblast (safe; 1% risk of failure)
Press: ? - help, Shift-Dir - straight line, f/p - wraith
Aim: a wraith (almost destroyed, haloed, 88% to hit)
You feel a surge of power!
The blast of sand hits the wraith!
You destroy the wraith!
Sif Muna accepts your kill.
You climb upwards.
Level annotation: exclusion: 3 centaurs
There is a stone staircase leading down here.
There is a stone staircase leading down here.
You climb downwards.
There is a stone staircase leading up here.
A wight comes into view.
It is wielding a +3 halberd of freezing.
There is a stone staircase leading up here.
Cast which spell? (? or * to list)
Aiming: Sandblast (safe; 1% risk of failure)
Press: ? - help, Shift-Dir - straight line, f - wight
Aim: a wight, wielding a +5 dire flail and wearing a +0 robe (85% to hit)
You feel a surge of power!
The blast of sand hits the wight!
The wight is almost destroyed.
Cast which spell? (? or * to list)
Aiming: Sandblast (safe; 1% risk of failure)
Press: ? - help, Shift-Dir - straight line, f/p - wight
Aim: a wight, wielding a +5 dire flail and wearing a +0 robe (almost destroyed, haloed, 88% to hit)
You feel a surge of power!
You miscast Sandblast.
You are very lightly contaminated with residual magic.
Nothing appears to happen.
The wight hits you but does no damage.
You climb upwards.
Level annotation: exclusion: 3 centaurs
There is a stone staircase leading down here.
Cast which spell? (? or * to list)
Aiming: Sandblast (safe; 1% risk of failure)
Press: ? - help, Shift-Dir - straight line, f - wight
Aim: a wight, wielding a +5 dire flail and wearing a +0 robe (almost destroyed, haloed, 88% to hit)
You feel a surge of power!
The blast of sand hits the wight.
You destroy the wight!
Sif Muna accepts your kill.
Things that are here:
a +5 dire flail; a +0 robe
A - a +5 dire flail Your magical contamination has completely faded away.
There is a stone staircase leading down here.
There is a stone staircase leading down here.
You climb downwards.
The orc priest shouts!
The orc shouts!
The orc wizard shouts!
You hear a shout! x2
There is a stone staircase leading up here.
The orc barely misses you.
You climb upwards.
Level annotation: exclusion: 3 centaurs
There is a stone staircase leading down here.
Cast which spell? (? or * to list)
Aiming: Sandblast (safe; 1% risk of failure)
Press: ? - help, Shift-Dir - straight line, f - orc
Aim: an orc, wielding a +0 whip (haloed, 88% to hit)
You feel a surge of power!
The blast of sand hits the orc!!
You kill the orc!
Sif Muna accepts your kill.
There is a stone staircase leading down here.
Things that are here:
a +0 whip; an orc corpse
There is a stone staircase leading down here.
You climb downwards.
An orc wizard comes into view. It is wielding a +0 dagger.
The orc priest invokes the aid of Beogh against you.
Beogh smites you!
* * * LOW HITPOINT WARNING * * *
There is a stone staircase leading up here.
Cast which spell? (? or * to list)
Aiming: Stone Arrow (safe; 1% risk of failure)
Press: ? - help, Shift-Dir - straight line, f - orc wizard
Aim: an orc wizard, wielding a +0 dagger and wearing a +0 robe (haloed, 79% to hit)
You feel a surge of power!
The stone arrow hits the orc wizard!
The orc wizard is heavily wounded.
Joseph, a Mercenary comes into view.
He is wielding a +0 quarterstaff of speed.
The orc wizard casts a spell at you. The puff of flame misses you.
You climb upwards.
Level annotation: exclusion: 3 centaurs
There is a stone staircase leading down here.
Cast which spell? (? or * to list)
Aiming: Sandblast (safe; 1% risk of failure)
Press: ? - help, Shift-Dir - straight line, f - orc wizard
Aim: an orc wizard, wielding a +0 dagger and wearing a +0 robe (heavily wounded, haloed, 85% to hit)
You feel a surge of power!
The blast of sand hits the orc wizard!
You kill the orc wizard!
Sif Muna accepts your kill.
You see here a +0 dagger of speed.
You see here a +0 pair of boots.
There is a stone staircase leading down here.
You climb downwards.
Level annotation: Joseph
There is a stone staircase leading up here.
Found a stone staircase leading down.
Found a hand axe.
There is a stone staircase leading down here.
You climb downwards.
Found 6 stones.
There is a stone staircase leading up here.
The shadow slips into darkness.
The shadow flickers and vanishes!
Deactivating autopickup; reactivate with Ctrl-A.
Cast which spell? (? or * to list)
Aiming: Stone Arrow (safe; 1% risk of failure)
Press: ? - help, Shift-Dir - straight line, f - shadow
Aim: a shadow (slightly transparent, haloed, 83% to hit)
You feel a surge of power!
The stone arrow hits the shadow!!
You destroy the shadow!
Sif Muna accepts your kill.
Reactivating autopickup.
There is a stone staircase leading up here.
j - 43 stones (gained 6) Magic restored.
Magic restored.
An orc wizard comes into view. It is wielding a +0 dagger.
An orc warrior, 2 orc wizards and an orc come into view.
The orc warrior shouts!
The orc wizard shouts! x2; The orc shouts!
The orc throws a boomerang.
The boomerang hits you but does no damage.
Cast which spell? (? or * to list)
Aiming: Sandblast (safe; 1% risk of failure)
Press: ? - help, Shift-Dir - straight line, f - orc wizard
Aim: an orc wizard, wielding a +0 dagger and wearing a +0 robe (haloed, 85% to hit)
You feel a surge of power!
The blast of sand misses the orc wizard.
A two-headed ogre comes into view.
It is wielding a +0 giant spiked club and a +0 giant club.
The orc wizard mumbles some strange words.
The orc wizard flickers and vanishes!
Deactivating autopickup; reactivate with Ctrl-A.
Cast which spell? (? or * to list)
Aiming: Sandblast (safe; 1% risk of failure)
Press: ? - help, Shift-Dir - straight line, f/p - orc wizard
Aim: an orc wizard, wielding a +0 dagger and wearing a +0 robe (haloed, 85% to hit)
You feel a surge of power!
The blast of sand hits the orc wizard!
The orc wizard is heavily wounded.
The orc wizard mumbles some strange words.
The orc wizard flickers and vanishes!
The orc wizard points at you and mumbles some strange words.
You easily resist.
The orc wizard gestures at you while chanting.
The magic dart hits you but does no damage.
Cast which spell? (? or * to list)
Aiming: Sandblast (safe; 1% risk of failure)
Press: ? - help, Shift-Dir - straight line, f/p - orc wizard
Aim: an orc wizard, wielding a +0 dagger and wearing a +0 robe (heavily wounded, haloed, 85% to hit)
You feel a surge of power!
The blast of sand hits the orc wizard!
You kill the orc wizard!
Sif Muna accepts your kill.
Cast which spell? (? or * to list)
Aiming: Stone Arrow (safe; 1% risk of failure)
Press: ? - help, Shift-Dir - straight line, f - orc warrior
Aim: an orc warrior, wielding a +0 trident and wearing a +0 chain mail (haloed, 81% to hit)
You feel a surge of power!
The stone arrow hits the orc warrior!
The orc warrior is heavily wounded.
Cast which spell? (? or * to list)
Aiming: Stone Arrow (safe; 1% risk of failure)
Press: ? - help, Shift-Dir - straight line, f/p - orc warrior
Aim: an orc warrior, wielding a +0 trident and wearing a +0 chain mail (heavily wounded, haloed, 81% to hit)
You feel a surge of power!
The stone arrow hits the orc warrior!!
You kill the orc warrior!
Sif Muna accepts your kill.
Cast which spell? (? or * to list)
Aiming: Sandblast (safe; 1% risk of failure)
Press: ? - help, Shift-Dir - straight line, f - orc wizard
Aim: an orc wizard, wielding a +0 dagger and wearing a +0 robe (slightly transparent, haloed, 85% to hit)
You feel a surge of power!
The blast of sand misses the orc wizard.
The orc wizard casts a spell at you.
The puff of flame hits you but does no damage.
Cast which spell? (? or * to list)
Aiming: Sandblast (safe; 1% risk of failure)
Press: ? - help, Shift-Dir - straight line, f/p - orc wizard
Aim: an orc wizard, wielding a +0 dagger and wearing a +0 robe (slightly transparent, haloed, 85% to hit)
You feel a surge of power!
The blast of sand misses the orc wizard.
The blast of sand hits the orc wizard!
You kill the orc wizard!
Sif Muna accepts your kill.
Reactivating autopickup.
Cast which spell? (? or * to list)
Aiming: Sandblast (safe; 1% risk of failure)
Press: ? - help, Shift-Dir - straight line, f/p - orc wizard
Aim: an orc wizard, wielding a +0 dagger and wearing a +0 robe (slightly transparent, haloed, 85% to hit)
You feel a surge of power!
The blast of sand hits the orc wizard.
The orc wizard is moderately wounded.
The orc wizard barely misses you.
Cast which spell? (? or * to list)
Aiming: Sandblast (safe; 1% risk of failure)
Press: ? - help, Shift-Dir - straight line, f/p - orc wizard
Aim: an orc wizard, wielding a +0 dagger and wearing a +0 robe (moderately wounded, slightly transparent, haloed, 85% to hit)
You feel a surge of power!
The blast of sand hits the orc wizard!!
You kill the orc wizard!
Sif Muna accepts your kill. The orc misses you.
Cast which spell? (? or * to list)
Aiming: Sandblast (safe; 1% risk of failure)
Press: ? - help, Shift-Dir - straight line, f - orc
Aim: an orc, wielding a +0 flail, wearing a +0 leather armour and quivering boomerangs (haloed, 88% to hit)
You feel a surge of power!
The blast of sand hits the orc!!
You kill the orc!
Sif Muna accepts your kill.
Press: ? - help, v - describe, . - travel, g - get item
Items here: ( ) [ †.
The floor.
This square is lit by a halo.
K - 8 boomerangs (gained 3)
Things that are here:
a +0 flail; a +0 leather armour; an orc corpse HP restored.
Found a dagger.
Found a serpent talisman.
Found a mace and 2 poisoned darts.
A yak comes into view.
The yak bellows!
You hear a bellow!
Cast which spell? (? or * to list)
Aiming: Sandblast (safe; 1% risk of failure)
Press: ? - help, Shift-Dir - straight line, f - yak
Aim: a yak (91% to hit)
You feel a surge of power!
The blast of sand hits the yak!!
The yak is heavily wounded.
Cast which spell? (? or * to list)
Aiming: Sandblast (safe; 1% risk of failure)
Press: ? - help, Shift-Dir - straight line, f/p - yak
Aim: a yak (heavily wounded, haloed, 92% to hit)
You feel a surge of power!
The blast of sand hits the yak!!
The yak is almost dead.
Cast which spell? (? or * to list)
Aiming: Sandblast (safe; 1% risk of failure)
Press: ? - help, Shift-Dir - straight line, f/p - yak
Aim: a yak (almost dead, haloed, 92% to hit)
You feel a surge of power!
The blast of sand hits the yak!!
You kill the yak!
Sif Muna accepts your kill.
You see here a yak corpse. 3 yaks come into view.
Found a viscous yellow potion.
The yak bellows! x2
You see here a yak corpse.
Throw: 15 darts (poison)
Press: ? - help, Shift-Dir - straight line, f - yak
Aim: a yak (69% to hit)
You throw a poisoned dart. The poisoned dart hits the yak.
The yak is poisoned.
Throw: 14 darts (poison)
Press: ? - help, Shift-Dir - straight line, f/p - yak
Aim: a yak (poisoned, 69% to hit)
You throw a poisoned dart. The poisoned dart hits the yak.
The yak looks even sicker.
Cast which spell? (? or * to list)
Aiming: Sandblast (safe; 1% risk of failure)
Press: ? - help, Shift-Dir - straight line, f/p - yak
Aim: a yak (very poisoned, 91% to hit)
You feel a surge of power!
The blast of sand misses the yak.
Cast which spell? (? or * to list)
Aiming: Sandblast (safe; 1% risk of failure)
Press: ? - help, Shift-Dir - straight line, f - yak, p - yak
Aim: a yak (91% to hit)
You feel a surge of power!
The blast of sand hits the yak!!
The yak is severely wounded.
The yak attacks as it pursues you! The yak misses you.
The yak attacks as it pursues you! The yak gores you but does no damage.
Cast which spell? (? or * to list)
Aiming: Sandblast (safe; 1% risk of failure)
Press: ? - help, Shift-Dir - straight line, f/p - yak
Aim: a yak (haloed, 92% to hit)
You feel a surge of power!
The blast of sand hits the yak!!
You kill the yak!
Sif Muna accepts your kill.
Cast which spell? (? or * to list)
Aiming: Sandblast (safe; 1% risk of failure)
Press: ? - help, Shift-Dir - straight line, f - yak, p - yak
Aim: a yak (91% to hit)
You feel a surge of power!
The blast of sand hits the yak!
The yak is heavily wounded.
The yak gores you but does no damage.
Cast which spell? (? or * to list)
Aiming: Sandblast (safe; 1% risk of failure)
Press: ? - help, Shift-Dir - straight line, f/p - yak
Aim: a yak (haloed, 92% to hit)
You feel a surge of power!
The blast of sand hits the yak!
The yak is severely wounded.
The yak closely misses you.
Cast which spell? (? or * to list)
Aiming: Sandblast (safe; 1% risk of failure)
Press: ? - help, Shift-Dir - straight line, f/p - yak
Aim: a yak (haloed, 92% to hit)
You feel a surge of power!
The blast of sand hits the yak!!
You kill the yak!
Sif Muna accepts your kill. The yak misses you.
Cast which spell? (? or * to list)
Aiming: Sandblast (safe; 1% risk of failure)
Press: ? - help, Shift-Dir - straight line, f/p - yak
Aim: a yak (haloed, 92% to hit)
You feel a surge of power!
The blast of sand hits the yak!!
The yak is severely wounded.
The yak barely misses you.
Cast which spell? (? or * to list)
Aiming: Sandblast (safe; 1% risk of failure)
Press: ? - help, Shift-Dir - straight line, f/p - yak
Aim: a yak (severely wounded, haloed, 92% to hit)
You feel a surge of power!
The blast of sand hits the yak!!
You kill the yak!
Sif Muna accepts your kill.
You see here a yak corpse.
r - 14 poisoned darts (gained 1)
r - 15 poisoned darts (gained 1)
A two-headed ogre is nearby!
The two-headed ogre shouts in stereo!
Okay, then.
You see here a yak corpse.
There is a stone staircase leading up here.
Throw: 15 darts (poison)
Press: ? - help, Shift-Dir - straight line, f - two-headed ogre
Aim: a two-headed ogre, wielding a +0 giant spiked club and a +0 giant club (73% to hit)
You throw a poisoned dart.
The poisoned dart hits the two-headed ogre.
The two-headed ogre is poisoned.
Throw: 14 darts (poison)
Press: ? - help, Shift-Dir - straight line, f/p - two-headed ogre
Aim: a two-headed ogre, wielding a +0 giant spiked club and a +0 giant club (poisoned, 73% to hit)
You throw a poisoned dart.
The poisoned dart closely misses the two-headed ogre.
Throw: 13 darts (poison)
Press: ? - help, Shift-Dir - straight line, f/p - two-headed ogre
Aim: a two-headed ogre, wielding a +0 giant spiked club and a +0 giant club (poisoned, haloed, 93% to hit)
You throw a poisoned dart.
The poisoned dart hits the two-headed ogre.
The two-headed ogre looks even sicker.
Cast which spell? (? or * to list)
Aiming: Stone Arrow (safe; 1% risk of failure)
Press: ? - help, Shift-Dir - straight line, f/p - two-headed ogre
Aim: a two-headed ogre, wielding a +0 giant spiked club and a +0 giant club (very poisoned, haloed, 92% to hit)
You feel a surge of power!
The stone arrow hits the two-headed ogre!
The two-headed ogre is lightly wounded.
Cast which spell? (? or * to list)
Aiming: Stone Arrow (safe; 1% risk of failure)
Press: ? - help, Shift-Dir - straight line, f/p - two-headed ogre
Aim: a two-headed ogre, wielding a +0 giant spiked club and a +0 giant club (moderately wounded, very poisoned, haloed, 92% to hit)
You feel a surge of power!
The stone arrow hits the two-headed ogre!!
The two-headed ogre is severely wounded.
The two-headed ogre barely misses you.
The two-headed ogre completely misses you.
Cast which spell? (? or * to list)
Aiming: Stone Arrow (safe; 1% risk of failure)
Press: ? - help, Shift-Dir - straight line, f/p - two-headed ogre
Aim: a two-headed ogre, wielding a +0 giant spiked club and a +0 giant club (almost dead, very poisoned, haloed, 92% to hit)
Okay, then.
Cast which spell? (? or * to list)
Aiming: Stone Arrow (safe; 1% risk of failure)
Press: ? - help, Shift-Dir - straight line, f/p - two-headed ogre
Aim: a two-headed ogre, wielding a +0 giant spiked club and a +0 giant club (almost dead, very poisoned, haloed, 92% to hit)
You feel a surge of power!
The stone arrow hits the two-headed ogre!
You kill the two-headed ogre!
Sif Muna accepts your kill.
Training target 10.0 for Earth Magic reached!
Your Armour skill increases to level 6!
Your Dodging skill increases to level 5!
Your Conjurations skill increases to level 7!
Your Earth Magic skill increases to level 10!
Things that are here:
a +0 giant spiked club; a +0 giant club
r - 13 poisoned darts (gained 1)
r - 14 poisoned darts (gained 1)
r - 15 poisoned darts (gained 1)
Found 16 gold pieces.
r - 17 poisoned darts (gained 2)
You now have 398 gold pieces (gained 16).
Found a scroll labelled OKOMUM EST.
B - a viscous yellow potion
Found 13 gold pieces.
F - 2 scrolls labelled OKOMUM EST (gained 1) Snorg the Insatiable comes into view.
Snorg shouts!
Snorg smiles kindly.
Aiming: Polymorph
Press: ? - help, Shift-Dir - straight line, f - Snorg
Aim: Snorg (will become a guardian serpent, a raiju, or a lindwurm, chance to affect: 17%)
Okay, then.
Snorg remarks, "Ah, I could eat a centaur!"
Snorg beckons gently.
Things that are here:
a +0 giant spiked club; a +0 giant club
There is a stone staircase leading up here.
Cast which spell? (? or * to list)
Aiming: Stone Arrow (safe; 1% risk of failure)
Press: ? - help, Shift-Dir - straight line, f - you
Okay, then.
Throw: 17 darts (poison)
Press: ? - help, Shift-Dir - straight line, f - Snorg
Aim: Snorg (57% to hit)
You throw a poisoned dart. The poisoned dart hits Snorg.
Snorg is poisoned.
Cast which spell? (? or * to list)
Aiming: Stone Arrow (safe; 1% risk of failure)
Press: ? - help, Shift-Dir - straight line, f/p - Snorg
Aim: Snorg (poisoned, 76% to hit)
You feel a surge of power!
The stone arrow hits Snorg!!
Snorg is moderately wounded.
Cast which spell? (? or * to list)
Aiming: Stone Arrow (safe; 1% risk of failure)
Press: ? - help, Shift-Dir - straight line, f/p - Snorg
Aim: Snorg (moderately wounded, poisoned, haloed, 83% to hit)
You feel a surge of power!
The stone arrow misses Snorg.
Cast which spell? (? or * to list)
Aiming: Stone Arrow (safe; 1% risk of failure)
Press: ? - help, Shift-Dir - straight line, f/p - Snorg
Aim: Snorg (moderately wounded, poisoned, haloed, 83% to hit)
You feel a surge of power!
The stone arrow hits Snorg!!
Snorg is heavily wounded.
Cast which spell? (? or * to list)
Aiming: Stone Arrow (safe; 1% risk of failure)
Press: ? - help, Shift-Dir - straight line, f/p - Snorg
Aim: Snorg (heavily wounded, poisoned, haloed, 83% to hit)
You feel a surge of power!
The stone arrow misses Snorg.
Snorg closely misses you. Snorg barely misses you. x2
Cast which spell? (? or * to list)
Aiming: Stone Arrow (safe; 1% risk of failure)
Press: ? - help, Shift-Dir - straight line, f/p - Snorg
Aim: Snorg (heavily wounded, poisoned, haloed, 83% to hit)
You feel a surge of power!
The stone arrow hits Snorg!!
Snorg is severely wounded.
* * * LOW MAGIC WARNING * * *
Snorg looks more healthy.
Snorg goes berserk!
Aiming: Paralyse
Press: ? - help, Shift-Dir - straight line, f/p - Snorg
Aim: Snorg (severely wounded, berserk, haloed, chance to affect: 17%)
Okay, then.
Aiming: Iceblast
Press: ? - help, Shift-Dir - straight line, p - Snorg The mass of ice explodes!
The iceblast engulfs Snorg!
Snorg is severely wounded.
Snorg misses you. Snorg claws you but does no damage. Snorg closely misses you.
Snorg completely misses you. Snorg claws you! Snorg closely misses you.
Aiming: Iceblast
Press: ? - help, Shift-Dir - straight line The mass of ice explodes!
The iceblast engulfs Snorg!
Snorg is almost dead.
Snorg bites you. Snorg closely misses you. Snorg barely misses you.
Aiming: Iceblast
Press: ? - help, Shift-Dir - straight line The mass of ice explodes!
The iceblast engulfs Snorg!
Snorg is almost dead.
Snorg barely misses you. Snorg claws you. Snorg claws you but does no damage.
Snorg bites you.
* * * LOW HITPOINT WARNING * * *
Snorg misses you. Snorg claws you.
* * * LOW HITPOINT WARNING * * *
Aiming: Iceblast
Press: ? - help, Shift-Dir - straight line The mass of ice explodes!
The iceblast engulfs Snorg!
Snorg is almost dead.
The now-empty wand crumbles to dust.
Snorg bites you!
* * * LOW HITPOINT WARNING * * *
Snorg claws you.
* * * LOW HITPOINT WARNING * * *
Snorg misses you.
Okay, then.
Okay, then.
Okay, then.
Okay, then.
You are illuminated by a small divine halo.
You are glowing.
Your movement speed is average.
Your attack delay is about 1.2.
Your damage rating with your staff of earth is about 6 (Base 5 x 112% (Str) x 111% (Skill)).
Okay, then.
Okay, then.
Snorg bites you but does no damage. Snorg barely misses you. Snorg claws you.
* * * LOW HITPOINT WARNING * * *
Snorg closely misses you. Snorg claws you!
You die...

#.# #...# #.# #.#
#...######.# #.#
#..........# #.#
#.(........# ######.#
#..........#
.......###..........#
....................#
..)))..........T....#
.....)..........@...#
.###...###..........#
.# #...# #....####..#
.# #...# #....# #..#
.# #...# #....# #..#
## ##### ###..# #..#
# #..# ..# # #... #
#..


You could see Snorg (berserk).

Vanquished Creatures
  A two-headed ogre (D:10)
  A wraith (D:9)
  10 yaks
  2 shadows
  A fire bat (D:5)
  A steam dragon (D:7)
  Duvessa (D:5)
  A water moccasin (D:7)
  3 orc warriors
  A sky beast (D:5)
  An ogre (D:5)
  An ice beast (D:5)
  A centaur (D:8)
  A phantom (D:4)
  4 bullfrogs
  A gnoll sergeant (D:5)
  4 scorpions
  A brain worm (Sewer)
  A wight (D:8)
  Dowan (D:5)
  A howler monkey (D:7)
  4 bombardier beetles
  3 hounds
  A jelly (D:8)
  2 orc priests
  4 sleepcaps
  5 iguanas
  7 orc wizards
  Ijyb (D:5)
  2 gnolls (D:4)
  9 adders
  A river rat (Sewer)
  2 shadow imps
  A white imp (D:8)
  3 ribbon worms
  2 dart slugs
  15 orcs
  7 endoplasms
  4 giant cockroaches
  7 goblins
  10 hobgoblins
  6 jackals (Sewer)
  6 quokkas
  11 ball pythons
  6 bats
  3 frilled lizards (Sewer)
  8 kobolds
  5 rats
174 creatures vanquished.

Notes
Turn   | Place    | Note
-------+----------+-------------------------------------------
     0 | D:1      | jagoly the Gargoyle Monk began the quest for the Orb.
     0 | D:1      | Reached XP level 1. HP: 14/14 MP: 1/1
    97 | D:1      | Reached XP level 2. HP: 19/19 MP: 2/2
   270 | D:1      | Learned a level 1 spell: Sandblast
   291 | D:2      | Reached skill level 1 in Armour
   302 | D:2      | Noticed Terence
   326 | D:1      | Reached XP level 3. HP: 16/23 MP: 3/3
   361 | D:3      | Reached skill level 1 in Earth Magic
   407 | D:4      | Reached XP level 4. HP: 4/29 MP: 4/4
   437 | D:4      | Noticed an ogre
   603 | D:3      | Reached skill level 2 in Earth Magic
   603 | D:3      | Reached XP level 5. HP: 31/33 MP: 1/5
   669 | D:4      | Found a glowing drain.
   674 | Sewer    | Entered a sewer
   845 | Sewer    | Reached skill level 3 in Earth Magic
   849 | Sewer    | Reached XP level 6. HP: 15/38 MP: 1/6
  1255 | D:4      | Reached skill level 4 in Earth Magic
  1351 | D:4      | Reached skill level 5 in Earth Magic
  1355 | D:5      | Entered Level 5 of the Dungeon
  1394 | D:5      | Reached XP level 7. HP: 40/43 MP: 2/7
  1446 | D:5      | Noticed Edmund
  1449 | D:5      | Edmund changed into Edmund the fire bat
  1449 | D:5      | Noticed Edmund
  1456 | D:5      | Killed Edmund the fire bat
  1457 | D:5      | Reached skill level 6 in Earth Magic
  1502 | D:5      | Found Dyuneweg's Jewellery Boutique.
  1512 | D:5      | Noticed Duvessa
  1512 | D:5      | Noticed Dowan
  1527 | D:5      | Killed Duvessa
  1528 | D:5      | Reached skill level 7 in Earth Magic
  1530 | D:5      | HP: 2/43 [Dowan/stone arrow (9)]
  1531 | D:5      | Killed Dowan
  1636 | D:5      | Noticed Ijyb
  1648 | D:5      | Killed Ijyb
  1649 | D:5      | Reached skill level 8 in Earth Magic
  1661 | D:5      | Reached skill level 1 in Spellcasting
  1661 | D:5      | Reached XP level 8. HP: 25/48 MP: 1/10
  1806 | D:5      | Reached skill level 1 in Stealth
  1846 | D:5      | Reached skill level 1 in Conjurations
  1850 | D:5      | Learned a level 3 spell: Passwall
  1854 | D:5      | Learned a level 3 spell: Stone Arrow
  1858 | D:5      | Found an ancient bone altar of Kikubaaqudgha.
  2297 | D:6      | Reached XP level 9. HP: 48/52 MP: 8/15
  2332 | D:7      | Found a staircase to the Ecumenical Temple.
  2440 | D:7      | Reached skill level 5 in Conjurations
  2513 | D:8      | Found a hazy altar of Hepliaklqana.
  2513 | D:8      | Identified the +11 mace of Uvvu {flame, +Blink rC+++ Str-3
                  | SInv}
  2609 | D:8      | Reached skill level 5 in Fighting
  2740 | D:8      | Reached skill level 9 in Earth Magic
  2885 | Temple   | Entered the Ecumenical Temple
  2916 | Temple   | Became a worshipper of Sif Muna the Loreminder
  2916 | Temple   | Reached * piety under Sif Muna
  2916 | Temple   | Reached ** piety under Sif Muna
  3005 | D:8      | Reached skill level 5 in Armour
  3006 | D:8      | Reached XP level 10. HP: 31/60 MP: 5/16
  3043 | D:8      | HP: 3/60 [centaur/arrow (1)]
  3145 | D:9      | Noticed Joseph
  3185 | D:10     | Entered Level 10 of the Dungeon
  3241 | D:10     | Noticed a two-headed ogre
  3365 | D:10     | Killed a two-headed ogre
  3366 | D:10     | Reached skill level 5 in Dodging
  3366 | D:10     | Reached skill level 10 in Earth Magic
  3412 | D:10     | Noticed Snorg
  3459 | D:10     | Slain by Snorg

Illustrated notes

Levels and vault maps discovered:
D:1:      amcnicky_arrival_blooded_trapdoor, layout_loops_cross,
          hangedman_decor_points, ebering_dispersal_statue_hall
D:2:      layout_loops_ring, uniq_terence
D:3:      layout_rooms, ebering_ecumenical_altar_webs, lightli_corner_chamber
D:4:      minmay_opposing_rooms, layout_rooms, gup_sewer_entry_bowl
D:5:      kennysheep_six_static_rooms, layout_loops_corners, serial_shops,
          shop_fountains, minmay_ruined_shrine, uniq_crazy_yiuf_cottage,
          uniq_ijyb, uniq_prince_ribbit1, uniq_edmund, uniq_duvessa
D:6:      layout_basic, ebering_ghost_disaster_area, fountainhead
D:7:      kennysheep_steamy, layout_basic, minmay_temple_entry_from_below_a,
          minmay_circle_x
D:8:      minmay_goldmine, layout_cave_pools, lemuel_tele_altar, centaur_isle
D:9:      layout_long_grid, amethyst_killhole, uniq_maggie, uniq_joseph
D:10:     layout_small_grid, uniq_snorg
Temple:   compressed_dpeg_circular_temple

Skill      XL: |  1  2  3  4  5  6  7  8  9 10 |
---------------+-------------------------------+-----
Axes           | 3 4 |  4.0
Armour         | 1 2 3 5 6 |  6.2
Earth Magic    | 1 2 3 5 8 9 10 | 10.0
Fighting       | 4 5 6 |  6.7
Dodging        | 3 4 5 |  5.1
Spellcasting   | 1 4 |  4.0
Stealth        | 2 |  2.0
Conjurations   | 4 6 7 |  7.1

Action                     |  1- 3 |  4- 6 |  7- 9 | 10-12 || total
---------------------------+-------+-------+-------+-------++-------
  Melee: Hand axe          |    68 |   177 |     5 |       ||   250
         Flail             |       |       |    12 |       ||    12
         Mace              |       |       |     3 |     2 ||     5
         Staff             |       |       |       |     1 ||     1
  Throw: Dart              |       |       |     8 |     6 ||    14
         Stone             |       |       |       |     2 ||     2
   Cast: Sandblast         |       |    41 |   134 |    28 ||   203
         Stone Arrow       |       |       |     5 |    15 ||    20
 Invoke: Channel Magic     |       |       |       |     1 ||     1
Ability: Evoke Blink       |       |       |     1 |       ||     1
  Evoke: Wand              |       |       |     5 |     4 ||     9
 Armour: Scale mail        |    18 |       |       |       ||    18
         Robe              |    23 |   139 |    56 |       ||   218
         Steam dragon scal |       |       |    38 |    32 ||    70
  Dodge: Dodged            |    42 |   153 |    68 |    31 ||   294
